 Dungeon Crawl Stone Soup version 0.18-a0-1014-g3bbf375 (webtiles) character file.

1633 namelastname112 the Covert (level 8, -1/64 HPs)
             Began as a Black Draconian Fire Elementalist on Jan 6, 2016.
             Was an Initiate of Ru.
             Splashed by a jelly's acid (8 damage)
             ... on level 7 of the Dungeon.
             The game lasted 00:17:11 (6516 turns).

namelastname112 the Covert (DrFE)                   Turns: 6516, Time: 00:17:11

Health: -1/64      AC: -3    Str: 11    XL:     8   Next: 66%
Magic:  3/3        EV: 12    Int: 22    God:    Ru [......]
Gold:   301        SH:  0    Dex: 14    Spells: 1 memorised, 10 levels left

rFire  . . .     SeeInvis .     q - +3 trident of Amorality {antimagic, +Fly Int+7}
rCold  . . .     Gourm    .     (armour unavailable)
rNeg   . . .     Faith    .     (no shield)
rPois  +         Spirit   .     o - +2 hat
rElec  +         Dismiss  .     n - +0 cloak
rCorr  .         Reflect  .     (no gloves)
SustAt .         Harm     .     (no boots)
MR     .....                    (no amulet)
Stlth  ++++......               l - ring of stealth
                                i - ring of poison resistance

@: corroded equipment, not resistant to hostile enchantments, stealthy
A: breathe lightning, unfitting armour, electricity resistance, cold-blooded, AC
+6
a: Breathe Lightning, Renounce Religion, Evoke Flight


You were on level 7 of the Dungeon.
You worshipped Ru.
Ru was noncommittal.
You were not hungry.

You visited 1 branch of the dungeon, and saw 7 of its levels.
You also visited: Sewer.

You collected 301 gold pieces.

Inventory:

Hand Weapons
 q - the +3 trident of Amorality (weapon) {antimagic, +Fly Int+7}
   (You found it on level 4 of the Dungeon)

   It disrupts the flow of magical energy around spellcasters and certain
   magical creatures (including the wielder).
   It affects your intelligence (+7).
   It lets you fly.
 v - a +1 dagger
Missiles
 k - 3 javelins of returning (quivered)
 y - 16 poisoned needles
Armour
 n - a +0 cloak (worn)
 o - a +2 hat (worn)
Jewellery
 i - a ring of poison resistance (left hand)
 l - a ring of stealth (right hand)
Wands
 t - a wand of random effects (13/48)
 x - a wand of paralysis (12/24)
 F - a wand of frost (30/48)
Scrolls
 e - 4 scrolls of identify
 g - 3 scrolls of remove curse
 h - 2 scrolls of immolation
 u - a scroll of teleportation
 D - a scroll of random uselessness {unknown}
Potions
 c - a potion of mutation {unknown}
 d - a potion of agility
 f - a potion of heal wounds
 j - 7 potions of curing
 m - a potion of might {unknown}
 w - 2 potions of degeneration {unknown}
 z - 2 potions of cancellation {unknown}
 A - 4 potions of flight
 C - a potion of haste {unknown}
Books
 a - a book of Flames

   Spells                             Type                      Level
   a - Flame Tongue                   Conjuration/Fire             1
   b - Throw Flame                    Conjuration/Fire             2
   c - Conjure Flame                  Conjuration/Fire             3
   d - Inner Flame                    Hexes/Fire                   3
   e - Sticky Flame                   Conjuration/Fire             4
   f - Fireball                       Conjuration/Fire             5
Comestibles
 b - 2 bread rations
 p - 3 slices of pizza
 r - 4 fruits
 s - a royal jelly
 B - 3 meat rations
 E - 3 chunks of flesh


   Skills:
 - Level 3.6 Fighting
 + Level 6.7 Short Blades
 - Level 1.7 Dodging
 + Level 8.1 Stealth
 - Level 2.0 Spellcasting
 - Level 1.0 Conjurations
 - Level 3.0 Fire Magic


You had 10 spell levels left.
You knew the following spells:

 Your Spells              Type           Power        Failure   Level  Hunger
z - Flame Tongue          Conj/Fire      ##...        8%          1    #......


Dungeon Overview and Level Annotations

Branches:
Dungeon (7/15)
 Temple: D:4-7

Altars:
Fedhas
Gozag
Makhleb
Nemelex Xobeh
Okawaru
Qazlal
Ru
Yredelemnul
The Shining One


Innate Abilities, Weirdness & Mutations

You can breathe wild blasts of lightning.
Your glossy black scales are hard (AC +6).
Your body does not fit into most forms of armour.
You are resistant to electric shocks.
You are cold-blooded and may be slowed by cold attacks.


Message History

You hit the jelly but do no damage. The acid corrodes you!
Your hands burn!
You tail-slap the jelly.
The jelly is almost dead.
The jelly hits you.
You are splashed with acid!
The acid burns!
* * * LOW HITPOINT WARNING * * *
The jelly hits you.
* * * LOW HITPOINT WARNING * * *
You are splashed with acid!
The acid burns!
* * * LOW HITPOINT WARNING * * *
There is a stone staircase leading up here.
Found 10 gold pieces.
Found an escape hatch in the floor.
Found a long sword.
Found a helmet.
An orc comes into view.
An orc warrior comes into view. It is wielding a short sword of venom.
The jelly hits you.
* * * LOW HITPOINT WARNING * * *
You are splashed with acid!
The acid burns!
You die...

.....................
....................#.
#...........$........
#...................#
#....................
#....................
#######......).......
#..............
.#.....J@[......
..........#####...
..........#
...........#
.......#....
.............
........#....
......o.....
.o........


You could see a jelly and an orc (sleeping).

Vanquished Creatures
  Grinder (D:6)
  Sigmund (D:3)
  Menkaure (D:5)
  An orc warrior (D:5)
  A phantom (D:6)
  3 centaurs
  A big kobold (Sewer)
  2 giant frogs
  2 crimson imps (D:5)
  A hound (D:4)
  4 orc wizards
  An orc priest (D:3)
  3 worker ants
  2 hound skeletons
  A hound zombie (D:6)
  A gnoll (D:6)
  4 adders
  A river rat (D:4)
  2 oozes
  2 adder skeletons
  4 worms
  5 giant geckos
  21 orcs
  4 giant cockroaches
  7 hobgoblins
  6 jackals
  10 kobolds
  A quokka (D:5)
  2 ball pythons (D:4)
  4 bats
  A giant gecko skeleton (D:5)
  6 giant newts
  A goblin (D:1)
  A jackal skeleton (D:4)
  A quokka skeleton (D:4)
  8 rats
  A spectral orc (D:2)
118 creatures vanquished.

Notes
Turn   | Place    | Note
--------------------------------------------------------------
     0 | D:1      | namelastname112 the Draconian Fire Elementalist began the quest for the Orb.
     0 | D:1      | Reached XP level 1. HP: 14/14 MP: 3/3
   299 | D:1      | Reached XP level 2. HP: 22/22 MP: 1/5
   595 | D:1      | Reached skill level 1 in Fighting
   784 | D:2      | Found a basalt altar of Yredelemnul.
   836 | D:2      | Found a glowing golden altar of the Shining One.
   841 | D:2      | Found a stormy altar of Qazlal.
   923 | D:2      | Reached XP level 3. HP: 29/29 MP: 1/6
  1010 | D:2      | Found a sparkling altar of Nemelex Xobeh.
  1104 | D:2      | Found a blossoming altar of Fedhas.
  1941 | D:2      | Reached XP level 4. HP: 37/37 MP: 2/7
  2554 | D:3      | Reached XP level 5. HP: 13/45 MP: 0/8
  2788 | D:3      | Found a sparkling altar of Nemelex Xobeh.
  2789 | D:3      | Found a sacrificial altar of Ru.
  2918 | D:3      | Found an iron altar of Okawaru.
  2946 | D:3      | Noticed Sigmund
  2969 | D:3      | Killed Sigmund
  2969 | D:3      | Reached skill level 4 in Stealth
  2969 | D:3      | Reached XP level 6. HP: 23/51 MP: 2/9
  3537 | D:4      | Reached skill level 5 in Stealth
  3796 | D:4      | Got a shimmering trident
  3801 | D:4      | Identified the +3 trident of Amorality {antimagic, +Fly Int+7} (You found it on level 4 of the Dungeon)
  3842 | D:4      | Found a glowing drain.
  3872 | Sewer    | Entered a sewer
  4038 | Sewer    | Found a glowing silver altar of Zin.
  4340 | D:5      | Entered Level 5 of the Dungeon
  4342 | D:5      | Reached XP level 7. HP: 57/57 MP: 3/10
  4342 | D:5      | Your scales start taking on a glossy black colour.
  4342 | D:5      | Gained mutation: You are resistant to electric shocks. [Black Draconian growth]
  4440 | D:3      | Found an opulent altar of Gozag.
  4450 | D:3      | Became a worshipper of Ru the Awakened
  4579 | D:5      | Noticed Menkaure
  4589 | D:5      | Killed Menkaure
  4589 | D:5      | Reached skill level 6 in Stealth
  4894 | D:5      | Reached skill level 5 in Short Blades
  5296 | D:6      | Found a burning altar of Makhleb.
  5378 | D:6      | Reached XP level 8. HP: 32/64 MP: 3/11
  5524 | D:6      | Reached skill level 7 in Stealth
  5926 | D:6      | Found an iron altar of Okawaru.
  6456 | D:6      | Noticed Grinder
  6478 | D:6      | Killed Grinder
  6478 | D:6      | Reached skill level 8 in Stealth
  6516 | D:7      | Splashed by a jelly's acid

Vault maps used:
D:1:      mrwooster_arrival_statue_2
D:2:      yredelemnul_forgotten_temple_becter, lemuel_doored_altar,
          grunt_qazlal_clouds, overflow_temple_1_default,
          minmay_misc_feat_square, solitary_fountain,
          nemelex_diamond_rough_becter
D:3:      nicolae_overflow_hidden_temple, uniq_sigmund
D:4:      portal_sewer_entry_b, minmay_item_behind_shaft
D:5:      first_bread, uniq_menkaure
D:6:      kennysheep_little_box, basic_altar, okawaru_trees_2, uniq_grinder
D:7:      lemuel_coloured_pillars_altar, temple_green, grunt_ogre_cave,
          serial_bayou_pond_b
Sewer:    sewer_kobolds

Action                   |  1- 3 |  4- 6 |  7- 9 || total
-------------------------+-------+-------+-------++-------
Melee: Unarmed           |    25 |    17 |       ||    42
       Whip              |       |    19 |       ||    19
       Dagger            |       |    66 |       ||    66
       Trident           |       |    59 |   171 ||   230
Throw: Javelin           |       |       |     1 ||     1
 Cast: Flame Tongue      |    69 |    61 |     4 ||   134
Invok: Reject Sacrifices |       |       |     1 ||     1
 Abil: Breathe Lightning |       |       |     3 ||     3
Evoke: Wand              |       |     2 |       ||     2
  Use: Scroll            |       |    11 |       ||    11
       Potion            |       |       |     2 ||     2
 Stab: Sleeping          |       |    13 |     6 ||    19
       Distracted        |       |     1 |     3 ||     4
  Eat: Chunk             |     4 |     8 |     8 ||    20
       Beef jerky        |       |     1 |       ||     1
